 Dungeon Crawl Stone Soup version 0.30-a0-879-ga8ba668304 (webtiles) character file.

Game seed: 9977136465175096503

669 jasper the Conjurer (level 7, -9/46 HPs)
             Began as a Demonspawn Conjurer on Mar 13, 2023.
             Engulfed by a cloud of flame (18 damage)
             ... on level 5 of the Dungeon.
             The game lasted 00:06:01 (5103 turns).

jasper the Conjurer (Demonspawn Conjurer)           Turns: 5103, Time: 00:06:02

Health: -9/46      AC: 10    Str:  7    XL:     7   Next: 32%
Magic:  14/14      EV: 12    Int: 22    God:
Gold:   173        SH:  0    Dex: 11    Spells: 5/15 levels left

rFire   . . .      SeeInvis .    c - +1 spear
rCold   + . .      Faith    .    (no shield)
rNeg    . . .      Spirit   .    a - +1 robe
rPois   .          Reflect  .    (no helmet)
rElec   .          Rampage  .    (no cloak)
rCorr   .                        y - +0 pair of gloves
Will    .....                    (boots unavailable)
Stlth   ++                       (no amulet)
HPRegen 0.27/turn                j - ring of protection from cold
MPRegen 0.14/turn                (no ring)

@: sanguine armoured, studying Polearms
A: hooves 3, sanguine armour 1
a: no special abilities


You were on level 5 of the Dungeon.
You visited 1 branch of the dungeon, and saw 5 of its levels.

You collected 173 gold pieces.

Inventory:

Hand Weapons
 c - a +1 spear (weapon)
Missiles
 f - 57 stones
 m - 7 poisoned darts
 s - 4 curare-tipped darts
Armour
 a - a +1 robe (worn)
 y - a +0 pair of gloves (worn)
Jewellery
 j - a ring of protection from cold (left hand)
Wands
 w - a wand of digging (5)
Scrolls
 d - a scroll of enchant weapon
 g - 2 scrolls of immolation
 h - 2 scrolls of vulnerability
 n - a scroll of magic mapping
 q - 2 scrolls of teleportation
Potions
 b - a potion of magic
 i - a potion of haste
 k - a potion of curing
 l - a potion of mutation
 p - a potion of heal wounds
 r - a potion of resistance
 t - a potion of berserk rage
 u - 2 potions of ambrosia
 x - a potion of might {unknown}


   Skills:
 - Level 1.7 Dodging
 - Level 1.7 Stealth
 + Level 4.7 Spellcasting
 + Level 6.2 Conjurations
 + Level 4.0 Hexes


You had 5 spell levels left.
You knew the following spells:

 Your Spells              Type           Power      Damage    Failure   Level
a - Magic Dart            Conj           100%       1d8       1%          1
b - Searing Ray           Conj           64%        2d6       1%          2
c - Dazzling Flash        Conj/Hex       54%        N/A       3%          3
d - Fulminant Prism       Conj/Hex       13%        3d9       12%         4

Your spell library contained the following spells:

 Spells                   Type           Power      Damage    Failure   Level
 Ensorcelled Hibernation  Hex/Ice        28%        N/A       7%          2
 Passwall                 Tmut/Erth      4%         N/A       16%         2
 Iskenderun's Mystic Bla  Conj/Tloc      19%        2d6       28%         4
 Ozocubu's Armour         Ice            5%         N/A       30%         3
 Swiftness                Air            5%         N/A       30%         3
 Silence                  Hex/Air        7%         N/A       77%         5
 Agony                    Necr           5%         N/A       96%         5
 Ozocubu's Refrigeration  Ice            2%         4d8       100%        7


Dungeon Overview and Level Annotations

Branches:
Dungeon (5/15)
 Temple: D:4-7

Altars:
Hepliaklqana
Okawaru


Innate Abilities, Weirdness & Mutations

You have hooves in place of feet.
When seriously injured, your blood forms armour. (AC +6)


Message History

Found a robe.
MP restored: 14 Done exploring.
Done exploring.
Done exploring.
Done exploring.
As you read the scroll labelled ECRUNU BAIXU, it crumbles to dust.
A profound silence engulfs you.
It was a scroll of silence.
Magic scrolls do not work when you're silenced!
Done exploring.
You start waiting.
Your hearing returns.
You start waiting.
Done waiting.
As you read the scroll labelled UKINYO QUYKETS, it crumbles to dust.
You assume a fearsome visage.
Nothing appears to happen.
It was a scroll of fear.
Unknown command.
As you read the scroll of identify, it crumbles to dust.
r - a potion of resistance
As you read the scroll of identify, it crumbles to dust.
t - a potion of berserk rage
There is an escape hatch in the floor here.
You see here a +0 club.
There is a stone staircase leading down here.
You climb downwards.
Found 35 gold pieces, a short runed staff and a scroll of identify.
There is a stone staircase leading up here.
You're in a travel-excluded area, stopping explore.
You're in a travel-excluded area, stopping explore.
Really walk into that cloud of flame?
You are engulfed in blazing flames.
Ouch! That really hurt!
Your blood congeals into armour.
You take 26 damage, and have 20/46 hp.
MASSIVE DAMAGE!!
You are engulfed in blazing flames.
* * * LOW HITPOINT WARNING * * *
You take 11 damage, and have 9/46 hp.
MASSIVE DAMAGE!!
You are engulfed in blazing flames.
You die...

#.. ##### #..
#... #§☼§ #..#
#§☼§ #..####
###...#####.....#
.§.(?|.§§☼......#
☼..!$...☼.......#
.§..$..@§§......#
###...#####<....#
#§. #........ #§
#...#.... # ###.#
##. .. ... ....
..#.


There were no monsters in sight!

Vanquished Creatures
  Sigmund (D:4)
  A black bear (D:4)
  A hound (D:3)
  5 iguanas
  Terence (D:2)
  7 adders
  7 gnolls
  A worm (D:3)
  2 dart slugs
  2 orcs (D:4)
  10 endoplasms
  2 giant cockroaches
  4 goblins
  7 hobgoblins
  9 jackals
  3 quokkas
  12 ball pythons
  8 bats
  2 frilled lizards
  5 kobolds
  5 rats
95 creatures vanquished.

Notes
Turn   | Place    | Note
-------+----------+-------------------------------------------
     0 | D:1      | jasper the Demonspawn Conjurer began the quest for the Orb.
     0 | D:1      | Reached XP level 1. HP: 13/13 MP: 3/3
   308 | D:1      | Found a faded altar of an unknown god.
   677 | D:1      | Gained mutation: When seriously injured, your blood forms
                  | armour. (AC +6) [demonic ancestry]
   677 | D:1      | Reached XP level 2. HP: 19/19 MP: 0/5
   680 | D:1      | Learned a level 2 spell: Searing Ray
  1161 | D:2      | Reached XP level 3. HP: 24/24 MP: 0/7
  1165 | D:2      | Learned a level 3 spell: Dazzling Flash
  1499 | D:2      | Noticed Terence
  1623 | D:2      | Reached skill level 1 in Hexes
  1648 | D:2      | Gained mutation: You have large cloven feet. [demonic
                  | ancestry]
  1648 | D:2      | Reached XP level 4. HP: 12/30 MP: 0/8
  1920 | D:2      | You fall into a shaft and drop 1 floor!
  2040 | D:2      | Killed Terence
  2159 | D:2      | Reached skill level 5 in Conjurations
  2561 | D:3      | Found an iron altar of Okawaru.
  2665 | D:3      | Gained mutation: You have hoof-like feet. [demonic
                  | ancestry]
  2665 | D:3      | Reached XP level 5. HP: 35/35 MP: 4/10
  3137 | D:3      | Found a hazy altar of Hepliaklqana.
  3289 | D:3      | Learned a level 4 spell: Fulminant Prism
  3750 | D:4      | Gained mutation: You have hooves in place of feet. [demonic
                  | ancestry]
  3750 | D:4      | Reached XP level 6. HP: 41/41 MP: 5/11
  4311 | D:4      | Noticed Sigmund
  4319 | D:4      | Killed Sigmund
  4320 | D:4      | Reached skill level 6 in Conjurations
  4320 | D:4      | Reached XP level 7. HP: 37/46 MP: 3/14
  5098 | D:5      | Entered Level 5 of the Dungeon
  5103 | D:5      | Engulfed by a cloud of flame

Illustrated notes

Levels and vault maps discovered:
D:1:      elethiomel_arrival_quiet, layout_loops_ring,
          shapermc_ecumenical_altar_mp_vishouse
D:2:      layout_loops_ring, uniq_terence
D:3:      minmay_spotlight, layout_loops_cross, nicolae_overflow_hidden_temple
D:4:      layout_loops_ring, serial_park_tiny_pond, minmay_manual_monolith,
          uniq_sigmund
D:5:      layout_basic, serial_glass, glass_columns_a, glass_columns_a,
          glass_columns_a, glass_columns_c, glass_columns_b, glass_columns_b,
          kennysheep_small_spiral, lemuel_flame_loot_1

Skill      XL: |  1  2  3  4  5  6  7 |
---------------+----------------------+-----
Spellcasting   | 3 4 |  4.7
Hexes          | 1 2 3 4 |  4.0
Conjurations   | 5 6 |  6.2
Dodging        | |  1.7
Stealth        | |  1.7

Action                     |  1- 3 |  4- 6 |  7- 9 || total
---------------------------+-------+-------+-------++-------
  Melee: Spear             |    20 |    28 |     1 ||    49
         Kick              |       |     7 |       ||     7
  Throw: Dart              |     1 |     4 |       ||     5
   Cast: Magic Dart        |    39 |    98 |     7 ||   144
         Searing Ray       |     7 |    16 |     3 ||    26
    Use: Scroll            |       |    15 |     4 ||    19
         Potion            |       |     1 |       ||     1
 Armour: Robe              |     7 |    23 |     1 ||    31
  Dodge: Dodged            |    23 |    63 |     2 ||    88

Table legend: (Time is in decaauts)
 A = Elapsed time spent in this place.
 B = Non-inter-level travel time spent in this place.
 C = Inter-level travel time spent in this place.
 D = Time resting spent in this place.
 E = Time spent auto-exploring this place.
 F = Levels seen in this place.
 G = Mean time per level.
                   A        B        C        D        E       F      G
               +--------+--------+--------+--------+--------+-----+--------+
         Total |   5105 |   4963 |    142 |    250 |   4078 |   5 | 1021.0 |
       Dungeon |   5105 |   4963 |    142 |    250 |   4078 |   5 | 1021.0 |
               +--------+--------+--------+--------+--------+-----+--------+

Top non-repeatable levels by time:
     D:4: 1438 daAuts
     D:2: 1329 daAuts
     D:3: 1316 daAuts
     D:1: 1015 daAuts
     D:5: 4 daAuts
